[ AOE2 MATCH · #506689367 ]
UnrankedKhmer vs Aztecs
Player's team · WIN
Rival team · LOSS
[ REPLAY ANALYSIS · EXTRACTED FROM THE RECORDED GAME ]
Feudal
8:52
Castle
21:01
Imperial
37:18
| APM avg | 64.8 |
| APM peak | 91 |
| eAPM avg | 42.0 |
| Villagers / military | 250 / 762 |
Focus
⚔️ 51.1% · 🌾 48.9%
Scout Cavalry ×560 · Knight ×80 · Scorpion ×74 · Skirmisher ×19 · Trebuchet (Packed) ×15 · Archer ×5
Feudal
9:18
Castle
22:23
Imperial
38:11
| APM avg | 60.9 |
| APM peak | 101 |
| eAPM avg | 44.1 |
| Villagers / military | 198 / 592 |
Focus
⚔️ 70.0% · 🌾 30.0%
Spearman ×386 · Eagle Scout ×147 · Monk ×21 · Skirmisher ×10 · Petard ×8 · Battering Ram ×7
Match map
Initial resources + every placement click. Lines = walls · curves = elevation contours. ◆ gold · ⬟ stone · ● berries · ✦ relic · ◌ wall gap
Your base· ✓ Closed at 21:01 · 44t walls · no gate
VL Lemoine's base· Open — unwalled flank
Smoothed initial terrain · ◌ = detected wall gap · hover for details
Inputs per minute
— [DDocs] Dr.Rollstuhl - Twitch - - VL Lemoine
Build order — [DDocs] Dr.Rollstuhl - Twitch
First 150 of 1345 actions detected
| 0:00 | Queue | Villager (Male) |
| 0:01 | Queue | Villager (Male) |
| 0:01 | Queue | Villager (Male) |
| 0:01 | Queue | Villager (Male) |
| 0:02 | Build | House |
| 0:03 | Build | House |
| 1:25 | Queue | Villager (Male) |
| 1:25 | Queue | Villager (Male) |
| 1:45 | Build | Lumber Camp |
| 1:51 | Build | Lumber Camp |
| 1:58 | Queue | Villager (Male) |
| 1:58 | Queue | Villager (Male) |
| 2:20 | Queue | Villager (Male) |
| 2:20 | Queue | Villager (Male) |
| 2:44 | Queue | Villager (Male) |
| 2:45 | Queue | Villager (Male) |
| 2:45 | Queue | Villager (Male) |
| 3:07 | Queue | Villager (Male) |
| 3:07 | Queue | Villager (Male) |
| 3:33 | Queue | Villager (Male) |
| 3:33 | Queue | Villager (Male) |
| 4:06 | Build | House |
| 4:27 | Queue | Villager (Male) |
| 5:01 | Queue | Villager (Male) |
| 5:19 | Queue | Villager (Male) |
| 5:35 | Queue | Villager (Male) |
| 6:01 | Research | Loom |
| 6:21 | Build | House |
| 6:29 | Research | Feudal Age |
| 6:57 | Build | Palisade Wall |
| 6:58 | Build | Palisade Wall |
| 7:08 | Build | Mining Camp |
| 7:13 | Build | Palisade Wall |
| 7:13 | Build | Palisade Wall |
| 7:16 | Build | Palisade Wall |
| 7:17 | Build | Palisade Wall |
| 7:17 | Build | Palisade Wall |
| 7:18 | Build | Palisade Wall |
| 7:27 | Queue | Villager (Male) |
| 7:45 | Build | Palisade Wall |
| 7:46 | Build | Palisade Wall |
| 7:49 | Build | Palisade Wall |
| 7:57 | Build | Palisade Wall |
| 7:57 | Build | Palisade Wall |
| 7:58 | Build | Palisade Wall |
| 8:09 | Queue | Villager (Male) |
| 8:25 | Queue | Villager (Male) |
| 8:37 | Queue | Villager (Male) |
| 8:52 | Age | Feudal Age |
| 8:53 | Build | Archery Range |
| 9:00 | Queue | Villager (Male) |
| 9:20 | Build | Mill |
| 9:27 | Build | Blacksmith |
| 9:36 | Queue | Archer |
| 9:37 | Queue | Archer |
| 9:49 | Queue | Villager (Male) |
| 10:00 | Queue | Villager (Male) |
| 10:05 | Research | Double-Bit Axe |
| 10:05 | Research | Double-Bit Axe |
| 10:07 | Research | Horse Collar |
| 10:07 | Research | Horse Collar |
| 10:29 | Queue | Archer |
| 10:40 | Build | House |
| 10:46 | Build | House |
| 11:00 | Research | Fletching |
| 11:00 | Research | Fletching |
| 11:06 | Build | House |
| 11:11 | Queue | Villager (Male) |
| 11:12 | Build | House |
| 11:16 | Build | Palisade Wall |
| 11:22 | Queue | Villager (Male) |
| 11:25 | Queue | Villager (Male) |
| 11:29 | Build | House |
| 11:44 | Build | Farm |
| 12:00 | Queue | Archer |
| 12:03 | Build | House |
| 12:05 | Build | Palisade Wall |
| 12:11 | Build | Palisade Wall |
| 12:24 | Build | House |
| 12:40 | Queue | Skirmisher |
| 12:47 | Queue | Villager (Male) |
| 12:49 | Queue | Villager (Male) |
| 12:52 | Build | Palisade Wall |
| 12:55 | Queue | Villager (Male) |
| 13:03 | Build | Mining Camp |
| 13:06 | Queue | Skirmisher |
| 13:16 | Queue | Villager (Male) |
| 13:22 | Build | Palisade Wall |
| 13:24 | Build | Palisade Wall |
| 13:29 | Queue | Villager (Male) |
| 13:35 | Build | House |
| 13:38 | Build | Farm |
| 13:48 | Build | Farm |
| 13:55 | Research | Padded Archer Armor |
| 13:55 | Research | Padded Archer Armor |
| 14:09 | Build | Farm |
| 14:16 | Queue | Villager (Male) |
| 14:24 | Queue | Skirmisher |
| 14:29 | Queue | Skirmisher |
| 14:29 | Queue | Villager (Male) |
| 15:13 | Queue | Skirmisher |
| 15:13 | Queue | Villager (Male) |
| 15:17 | Build | Farm |
| 15:18 | Build | Farm |
| 15:19 | Build | Farm |
| 15:25 | Queue | Villager (Male) |
| 15:27 | Build | Farm |
| 15:36 | Build | House |
| 15:37 | Build | House |
| 15:42 | Build | Farm |
| 15:46 | Queue | Villager (Male) |
| 15:49 | Queue | Archer |
| 15:56 | Queue | Skirmisher |
| 16:08 | Queue | Skirmisher |
| 16:09 | Queue | Villager (Male) |
| 16:15 | Build | Farm |
| 16:21 | Build | Farm |
| 16:33 | Queue | Skirmisher |
| 16:33 | Queue | Villager (Male) |
| 16:47 | Queue | Villager (Male) |
| 16:48 | Build | Farm |
| 16:53 | Queue | Villager (Male) |
| 17:17 | Build | Farm |
| 17:21 | Build | Farm |
| 17:26 | Build | Farm |
| 17:28 | Queue | Villager (Male) |
| 17:31 | Queue | Villager (Male) |
| 17:33 | Build | Farm |
| 17:42 | Queue | Villager (Male) |
| 17:43 | Build | Farm |
| 17:53 | Queue | Villager (Male) |
| 17:57 | Build | Farm |
| 18:21 | Research | Castle Age |
| 18:21 | Research | Castle Age |
| 18:43 | Build | Stable |
| 18:46 | Research | Scale Barding Armor |
| 19:20 | Queue | Skirmisher |
| 19:39 | Research | Bloodlines |
| 19:39 | Research | Bloodlines |
| 19:40 | Research | Gold Mining |
| 21:01 | Age | Castle Age |
| 21:01 | Research | Elite Skirmisher (upgrade) |
| 21:02 | Research | Elite Skirmisher (upgrade) |
| 21:04 | Research | Bodkin Arrow |
| 21:09 | Queue | Knight |
| 21:11 | Queue | Villager (Male) |
| 21:15 | Build | Town Center |
| 21:16 | Queue | Villager (Male) |
| 21:35 | Build | Palisade Gate |
| 21:45 | Queue | Skirmisher |
Build order — VL Lemoine
First 150 of 1052 actions detected
| 0:00 | Queue | Villager (Male) |
| 0:00 | Queue | Villager (Male) |
| 0:01 | Queue | Villager (Male) |
| 0:02 | Build | House |
| 0:03 | Build | House |
| 0:23 | Queue | Villager (Male) |
| 0:23 | Queue | Villager (Male) |
| 1:13 | Queue | Villager (Male) |
| 2:00 | Build | Lumber Camp |
| 2:05 | Queue | Villager (Male) |
| 2:09 | Queue | Villager (Male) |
| 2:09 | Queue | Villager (Male) |
| 2:20 | Queue | Villager (Male) |
| 3:14 | Queue | Villager (Male) |
| 3:14 | Queue | Villager (Male) |
| 3:27 | Build | House |
| 3:42 | Queue | Villager (Male) |
| 4:00 | Queue | Villager (Male) |
| 4:04 | Build | House |
| 4:27 | Queue | Villager (Male) |
| 4:44 | Queue | Villager (Male) |
| 4:44 | Queue | Villager (Male) |
| 5:26 | Build | Barracks |
| 5:47 | Queue | Villager (Male) |
| 6:06 | Queue | Villager (Male) |
| 6:06 | Research | Loom |
| 6:52 | Build | Mining Camp |
| 7:08 | Research | Feudal Age |
| 7:13 | Queue | Militia |
| 7:39 | Queue | Militia |
| 7:45 | Build | House |
| 7:49 | Queue | Militia |
| 8:11 | Build | Mill |
| 8:17 | Queue | Villager (Male) |
| 9:18 | Age | Feudal Age |
| 9:22 | Research | Man-at-Arms (upgrade) |
| 9:34 | Build | Watch Tower |
| 9:40 | Queue | Villager (Male) |
| 9:51 | Build | Farm |
| 9:53 | Build | Farm |
| 9:56 | Queue | Villager (Male) |
| 10:07 | Build | Watch Tower |
| 10:11 | Queue | Militia |
| 10:15 | Build | Farm |
| 10:32 | Build | Archery Range |
| 10:36 | Queue | Villager (Male) |
| 10:52 | Build | Watch Tower |
| 10:57 | Build | Farm |
| 11:04 | Queue | Skirmisher |
| 11:10 | Queue | Villager (Male) |
| 11:18 | Build | House |
| 11:19 | Build | Palisade Wall |
| 11:26 | Queue | Skirmisher |
| 11:54 | Build | House |
| 11:55 | Build | Palisade Wall |
| 12:17 | Queue | Villager (Male) |
| 12:30 | Queue | Skirmisher |
| 12:45 | Queue | Villager (Male) |
| 12:51 | Build | Lumber Camp |
| 12:54 | Queue | Skirmisher |
| 12:58 | Queue | Villager (Male) |
| 13:09 | Queue | Skirmisher |
| 13:18 | Build | Farm |
| 13:30 | Research | Town Watch |
| 13:46 | Build | House |
| 13:52 | Queue | Skirmisher |
| 13:55 | Build | House |
| 13:56 | Build | Palisade Wall |
| 14:07 | Queue | Villager (Male) |
| 14:09 | Build | Farm |
| 14:15 | Build | House |
| 14:16 | Build | Palisade Wall |
| 14:17 | Build | Palisade Wall |
| 14:18 | Build | House |
| 14:24 | Queue | Skirmisher |
| 14:27 | Build | House |
| 14:34 | Queue | Villager (Male) |
| 14:41 | Build | Farm |
| 14:42 | Queue | Villager (Male) |
| 15:10 | Queue | Skirmisher |
| 15:17 | Build | House |
| 15:17 | Build | Palisade Wall |
| 15:28 | Build | Blacksmith |
| 15:29 | Build | House |
| 15:30 | Build | Palisade Wall |
| 15:40 | Queue | Villager (Male) |
| 15:50 | Build | House |
| 16:01 | Queue | Skirmisher |
| 16:07 | Queue | Skirmisher |
| 16:08 | Queue | Villager (Male) |
| 16:09 | Build | Farm |
| 16:22 | Build | Farm |
| 16:28 | Research | Double-Bit Axe |
| 16:41 | Build | Farm |
| 16:41 | Queue | Villager (Male) |
| 16:58 | Research | Fletching |
| 17:03 | Queue | Villager (Male) |
| 17:18 | Build | Farm |
| 17:29 | Build | Market |
| 17:30 | Queue | Villager (Male) |
| 17:39 | Build | Farm |
| 17:50 | Queue | Villager (Male) |
| 17:54 | Research | Horse Collar |
| 18:24 | Queue | Villager (Male) |
| 18:26 | Build | Farm |
| 18:46 | Build | Farm |
| 18:48 | Build | House |
| 18:55 | Build | Farm |
| 18:56 | Queue | Villager (Male) |
| 19:33 | Build | Barracks |
| 19:43 | Research | Castle Age |
| 19:43 | Research | Castle Age |
| 20:13 | Research | Arson |
| 20:18 | Research | Padded Archer Armor |
| 20:25 | Build | Barracks |
| 21:02 | Research | Wheelbarrow |
| 21:26 | Research | Scale Mail Armor |
| 21:29 | Queue | Eagle Scout |
| 21:29 | Queue | Eagle Scout |
| 21:37 | Build | Mining Camp |
| 21:53 | Build | Mining Camp |
| 22:06 | Queue | Eagle Scout |
| 22:06 | Queue | Eagle Scout |
| 22:23 | Age | Castle Age |
| 22:26 | Research | Eagle Warrior (upgrade) |
| 22:37 | Queue | Villager (Male) |
| 22:57 | Queue | Villager (Male) |
| 23:08 | Queue | Spearman |
| 23:09 | Queue | Spearman |
| 23:26 | Queue | Eagle Scout |
| 23:26 | Queue | Eagle Scout |
| 23:32 | Queue | Eagle Scout |
| 23:32 | Queue | Eagle Scout |
| 23:34 | Queue | Villager (Male) |
| 23:36 | Build | Monastery |
| 23:44 | Queue | Eagle Scout |
| 23:49 | Build | Lumber Camp |
| 24:06 | Research | Pikeman (upgrade) |
| 24:24 | Queue | Monk |
| 24:26 | Queue | Villager (Male) |
| 24:47 | Queue | Eagle Scout |
| 24:47 | Queue | Eagle Scout |
| 24:49 | Queue | Villager (Male) |
| 24:58 | Build | Town Center |
| 25:00 | Queue | Villager (Male) |
| 25:06 | Queue | Eagle Scout |
| 25:08 | Queue | Villager (Male) |
| 25:24 | Queue | Monk |
| 25:24 | Queue | Monk |
| 25:32 | Queue | Villager (Male) |
Match timeline
| 5:26 | VL Lemoine · first_building Barracks |
| 6:57 | [DDocs] Dr.Rollstuhl - Twitch · wall_segment Palisade Wall x1 |
| 6:58 | [DDocs] Dr.Rollstuhl - Twitch · wall_segment Palisade Wall x1 |
| 7:13 | [DDocs] Dr.Rollstuhl - Twitch · wall_segment Palisade Wall x1 |
| 7:13 | [DDocs] Dr.Rollstuhl - Twitch · wall_segment Palisade Wall x1 |
| 7:16 | [DDocs] Dr.Rollstuhl - Twitch · wall_segment Palisade Wall x1 |
| 7:17 | [DDocs] Dr.Rollstuhl - Twitch · wall_segment Palisade Wall x1 |
| 7:17 | [DDocs] Dr.Rollstuhl - Twitch · wall_segment Palisade Wall x1 |
| 7:18 | [DDocs] Dr.Rollstuhl - Twitch · wall_segment Palisade Wall x1 |
| 7:45 | [DDocs] Dr.Rollstuhl - Twitch · wall_segment Palisade Wall x1 |
| 7:46 | [DDocs] Dr.Rollstuhl - Twitch · wall_segment Palisade Wall x1 |
| 7:49 | [DDocs] Dr.Rollstuhl - Twitch · wall_segment Palisade Wall x1 |
| 7:57 | [DDocs] Dr.Rollstuhl - Twitch · wall_segment Palisade Wall x1 |
| 7:57 | [DDocs] Dr.Rollstuhl - Twitch · wall_segment Palisade Wall x1 |
| 7:58 | [DDocs] Dr.Rollstuhl - Twitch · wall_segment Palisade Wall x1 |
| 8:52 | [DDocs] Dr.Rollstuhl - Twitch · age_up feudal |
| 8:53 | [DDocs] Dr.Rollstuhl - Twitch · first_building Archery Range |
| 9:18 | VL Lemoine · age_up feudal |
| 10:32 | VL Lemoine · first_building Archery Range |
| 11:16 | [DDocs] Dr.Rollstuhl - Twitch · wall_segment Palisade Wall x8 |
| 11:19 | VL Lemoine · wall_segment Palisade Wall x3 |
| 11:55 | VL Lemoine · wall_segment Palisade Wall x7 |
| 12:05 | [DDocs] Dr.Rollstuhl - Twitch · wall_segment Palisade Wall x5 |
| 12:11 | [DDocs] Dr.Rollstuhl - Twitch · wall_segment Palisade Wall x1 |
| 12:52 | [DDocs] Dr.Rollstuhl - Twitch · wall_segment Palisade Wall x3 |
| 13:22 | [DDocs] Dr.Rollstuhl - Twitch · wall_segment Palisade Wall x4 |
| 13:24 | [DDocs] Dr.Rollstuhl - Twitch · wall_segment Palisade Wall x11 |
| 13:56 | VL Lemoine · wall_segment Palisade Wall x4 |
| 14:16 | VL Lemoine · wall_segment Palisade Wall x1 |
| 14:17 | VL Lemoine · wall_segment Palisade Wall x1 |
| 15:17 | VL Lemoine · wall_segment Palisade Wall x4 |
| 15:30 | VL Lemoine · wall_segment Palisade Wall x1 |
| 18:23 | VL Lemoine · first_market_buy 100 food |
| 18:43 | [DDocs] Dr.Rollstuhl - Twitch · first_building Stable |
| 19:43 | VL Lemoine · first_market_sell 100 wood |
| 21:01 | [DDocs] Dr.Rollstuhl - Twitch · age_up castle |
| 22:23 | VL Lemoine · age_up castle |
| 23:36 | VL Lemoine · first_building Monastery |
| 23:43 | [DDocs] Dr.Rollstuhl - Twitch · first_building Monastery |
| 26:26 | VL Lemoine · first_building Siege Workshop |
| 27:55 | [DDocs] Dr.Rollstuhl - Twitch · first_building Castle |
| 29:54 | [DDocs] Dr.Rollstuhl - Twitch · first_building Siege Workshop |
| 29:58 | VL Lemoine · wall_segment Palisade Wall x1 |
| 30:01 | VL Lemoine · wall_segment Palisade Wall x1 |
| 30:02 | VL Lemoine · wall_segment Palisade Wall x1 |
| 34:05 | [DDocs] Dr.Rollstuhl - Twitch · first_market_sell 100 wood |
| 34:28 | VL Lemoine · first_building Castle |
| 34:34 | [DDocs] Dr.Rollstuhl - Twitch · first_market_buy 100 stone |
| 37:18 | [DDocs] Dr.Rollstuhl - Twitch · age_up imperial |
| 38:11 | VL Lemoine · age_up imperial |
| 68:03 | VL Lemoine · resign |
[ AI ANALYSIS · 1 CREDIT ]
What really happened in this match?
Wolo.gg analyzes every decision: build order, eco, micro, common mistakes by bracket. Personalized analysis on WhatsApp or Discord in 30 seconds.
Civ guide
Khmer
Perfil
Jugador #5608318